 Dungeon Crawl Stone Soup version 0.31.0-11-ge490571c62 (webtiles) character file.

Game seed: 14959456725680632553

2248 qw the Skirmisher (level 9, -7/44 HPs)
             Began as a Spriggan Hunter on Feb 3, 2024.
             Mangled by Psyche
             ... wielding a +4 dagger of chaos
              (18 damage)
             ... on level 8 of the Dungeon on Feb 4, 2024.
             The game lasted 00:06:37 (6196 turns).

qw the Skirmisher (Spriggan Hunter)                 Turns: 6196, Time: 00:06:37

Health: -7/44      AC:  3    Str:  7    XL:     9   Next: 15%
Magic:  10/10      EV: 26    Int: 11    God:
Gold:   1155       SH:  0    Dex: 22    Spells: 8/8 levels left

rFire   . . .        t - +0 orcbow
rCold   . . .        (shield currently unavailable)
rNeg    . . .        c - +0 robe
rPois   +            (helmet restricted)
rElec   .            a - +0 cloak
rCorr   .            (gloves unavailable)
SInv    +            (boots unavailable)
Will    +....        (no amulet)
Stlth   ++           h - ring of poison resistance
HPRegen 0.27/turn    (no ring)
MPRegen 0.12/turn

%: no passive effects
@: very quick
A: very small, no large weapons, unfitting armour, see invisible, speed 3
a: no special abilities


You were on level 8 of the Dungeon.
You visited 2 branches of the dungeon, and saw 9 of its levels.

You collected 1275 gold pieces.
You spent 120 gold pieces at shops.


Innate Abilities, Weirdness & Mutations

You are very small and have problems with some larger weapons.
You are too small for most types of armour.
You have supernaturally acute eyesight. (SInv)
You cover ground extremely quickly. (Speed+++)


   Skills:
 - Level 3.3 Fighting
 - Level 10.1 Ranged Weapons
 + Level 9.7 Dodging
 - Level 1.5 Stealth


You had 8 spell levels left.
You didn't know any spells.
Your spell library was empty.

Inventory:

Hand Weapons
 t - a +0 orcbow (weapon)
Armour
 a - a +0 cloak (worn)
 c - a +0 robe (worn)
Jewellery
 g - a ring of ice
 h - a ring of poison resistance (left hand)
 p - a ring of fire
Wands
 b - a wand of roots (9)
 m - a wand of paralysis (3)
Scrolls
 o - 2 scrolls of teleportation
Potions
 d - 2 potions of heal wounds
 e - 4 potions of curing
 f - a potion of might
 k - a potion of lignification {unknown}
 n - 2 potions of enlightenment
 r - a potion of invisibility {unknown}
 s - a potion of ambrosia {unknown}

Dungeon Overview and Level Annotations

Branches:
Dungeon (8/15)             Temple (1/1) D:7
   Lair: D:8-11

Altars:
Dithmenos
Kikubaaqudgha
Makhleb
Ru
Xom
Yredelemnul
Zin
The Shining One

Shops:
D:5 (   D:7 *

Annotations:
D:6 3 runed translucent doors, qw's ghost, novice SpHu
D:8 Psyche


Message History

The gnoll misses you.
You shoot an arrow. The arrow hits the gnoll!
You kill the gnoll!
Psyche mumbles some strange words.
A swirling arc of seething chaos appears!
The arc of chaos hits the gnoll sergeant.
The gnoll sergeant is poisoned.
The arc of chaos hits the gnoll.
The gnoll sergeant completely misses you.
The gnoll completely misses you. The gnoll misses you.
Psyche mumbles some strange words.
Psyche flickers and vanishes for a moment.
You shoot an arrow. The arrow hits the gnoll!
You kill the gnoll!
The gnoll barely misses you. The gnoll sergeant barely misses you.
You shoot an arrow. The arrow hits Psyche!
Psyche is moderately wounded.
Psyche hits you with a +4 dagger of chaos.
The gnoll completely misses you.
The gnoll sergeant completely misses you.
You shoot an arrow. The arrow hits Psyche!
Psyche is severely wounded.
Psyche gestures wildly while chanting.
A swirling arc of seething chaos appears!
The arc of chaos hits you.
The arc of chaos hits the gnoll.
The gnoll is drained!
The gnoll closely misses you. The gnoll sergeant barely misses you.
Psyche casts a spell.
A swirling arc of seething chaos appears!
The arc of chaos hits the gnoll sergeant but does no damage.
The gnoll sergeant looks even sicker.
You shoot an arrow. The arrow hits Psyche.
Psyche is almost dead.
Psyche closely misses you. The gnoll completely misses you.
The gnoll sergeant completely misses you.
You shoot an arrow.
The arrow hits Psyche but does no damage.
Psyche is almost dead.
Psyche hits you with a +4 dagger of chaos.
You are electrocuted!!
You die...

.. ##. ##..## ###....#
....... #..g)#
##.#@##### #..)@g...#
#.##.###.# #+# #.##.#
#.# #.# #.##.# #.# #.#
#.##.# #.# ##.##
#.##.# #.# ###...##
#.##.# #.# .......###
#.##.###.#
#.#......####........#


You could see Psyche (invisible), a gnoll sergeant (very poisoned) and a gnoll
(very drained).

Vanquished Creatures
  A water moccasin (D:7)
  2 sky beasts (D:7)
  A black bear (D:7)
  2 ice beasts
  An ogre (D:7)
  2 centaurs (D:7)
  A phantom (D:4)
  3 bullfrogs
  5 scorpions
  2 bombardier beetles
  A howler monkey (D:6)
  3 jellies
  3 hounds
  An orc priest (D:7)
  2 sleepcaps
  An orc wizard (D:7)
  2 iguanas
  Terence (D:2)
  11 gnolls
  7 adders
  2 shadow imps (D:7)
  4 white imps
  2 dart slugs (D:4)
  15 orcs
  8 ball pythons
  5 bats
  6 endoplasms
  3 giant cockroaches
  10 goblins
  7 hobgoblins
  6 jackals
  5 quokkas
  2 frilled lizards (D:1)
  5 kobolds
  5 rats
137 creatures vanquished.

Vanquished Creatures (others)
  A wyvern (D:7)
1 creature vanquished.

Grand Total: 138 creatures vanquished

Notes
Turn   | Place    | Note
-------+----------+-------------------------------------------
     0 | D:1      | qw the Spriggan Hunter began the quest for the Orb.
     0 | D:1      | Reached XP level 1. HP: 10/10 MP: 2/2
     0 | D:1      | 0 ||| qw: Version: 0.3-a-158-g18b3111
     0 | D:1      | 0 ||| qw: Game counter: 4294
     0 | D:1      | 0 ||| qw: Melee chars always use a shield: true
     0 | D:1      | 0 ||| qw: God list: Okawaru
     0 | D:1      | 0 ||| qw: Allow faded altars: false
     0 | D:1      | 0 ||| qw: Do Orc after clearing Dungeon:15 true
     0 | D:1      | 0 ||| qw: Do second Lair branch before Depths: true
     0 | D:1      | 0 ||| qw: Lair rune preference: random
     0 | D:1      | 0 ||| qw: Goals: Normal
     0 | D:1      | 0 ||| PLANNING D:1-11
    45 | D:1      | Reached skill level 3 in Dodging
   134 | D:1      | Reached XP level 2. HP: 14/14 MP: 3/3
   494 | D:1      | Found a faded altar of an unknown god.
   981 | D:1      | 981 ||| DROPPING amulet of magic regeneration.
   982 | D:1      | 982 ||| READING scroll labelled YSY SADEDDAIKI.
   983 | D:1      | 983 ||| READING scroll labelled HINWATH BUMAXUE.
  1084 | D:1      | 1084 ||| READING scroll labelled YRCHOU CAHIGO.
  1087 | D:1      | 1087 ||| READING scroll labelled TUT EHUUGEOGI.
  1087 | D:1      | 1087 ||| ENCHANTING +0 shortbow.
  1088 | D:1      | 1088 ||| DRINKING 2 metallic ruby potions.
  1089 | D:1      | 1089 ||| DROPPING scroll of butterflies.
  1111 | D:2      | Reached XP level 3. HP: 18/18 MP: 4/4
  1165 | D:2      | Found an ancient bone altar of Kikubaaqudgha.
  1220 | D:2      | You fall into a shaft and drop 2 floors!
  1242 | D:4      | 1242 ||| READING scroll labelled RIHIOTOTZO.
  1242 | D:4      | 1242 ||| IDENTIFYING 2 fizzy clear potions
  1243 | D:4      | 1243 ||| READING scroll labelled HATTASHREPUNK.
  1294 | D:3      | Reached skill level 5 in Ranged Weapons
  1319 | D:3      | Reached XP level 4. HP: 18/22 MP: 5/5
  1320 | D:3      | HP: 4/22 [gnoll/+0 flail (14)]
  1321 | D:3      | 1321 ||| READING scroll of teleportation.
  1436 | D:2      | 1436 ||| FLEEEEING.
  1437 | D:2      | 1437 ||| FLEEEEING.
  1440 | D:2      | 1440 ||| FLEEEEING.
  1630 | D:2      | Noticed Terence
  1635 | D:2      | Killed Terence
  1701 | D:2      | 1701 ||| READING scroll of identify.
  1701 | D:2      | 1701 ||| IDENTIFYING scroll labelled AGOLIEG JIEW
  1702 | D:2      | 1702 ||| READING scroll of brand weapon.
  1702 | D:2      | 1702 ||| BRANDING +1 shortbow.
  1703 | D:2      | 1703 ||| READING scroll labelled KICOSM SARY.
  1704 | D:2      | 1704 ||| READING scroll labelled AZXUEJ MOSINK.
  1900 | D:3      | 1900 ||| qw: Version: 0.3-a-158-g18b3111
  1900 | D:3      | 1900 ||| qw: Game counter: 4294
  1900 | D:3      | 1900 ||| qw: Melee chars always use a shield: true
  1900 | D:3      | 1900 ||| qw: God list: Okawaru
  1900 | D:3      | 1900 ||| qw: Allow faded altars: false
  1900 | D:3      | 1900 ||| qw: Do Orc after clearing Dungeon:15 true
  1900 | D:3      | 1900 ||| qw: Do second Lair branch before Depths: true
  1900 | D:3      | 1900 ||| qw: Lair rune preference: random
  1900 | D:3      | 1900 ||| qw: Goals: Normal
  1900 | D:3      | 1900 ||| PLANNING D:1-11
  1900 | D:3      | 1900 ||| qw: Version: 0.3-a-158-g18b3111
  1900 | D:3      | 1900 ||| qw: Game counter: 4294
  1900 | D:3      | 1900 ||| qw: Melee chars always use a shield: true
  1900 | D:3      | 1900 ||| qw: God list: Okawaru
  1900 | D:3      | 1900 ||| qw: Allow faded altars: false
  1900 | D:3      | 1900 ||| qw: Do Orc after clearing Dungeon:15 true
  1900 | D:3      | 1900 ||| qw: Do second Lair branch before Depths: true
  1900 | D:3      | 1900 ||| qw: Lair rune preference: random
  1900 | D:3      | 1900 ||| qw: Goals: Normal
  1900 | D:3      | 1900 ||| PLANNING D:1-11
  1900 | D:3      | 1900 ||| qw: Version: 0.3-a-160-g49c653c
  1900 | D:3      | 1900 ||| qw: Game counter: 4294
  1900 | D:3      | 1900 ||| qw: Melee chars always use a shield: true
  1900 | D:3      | 1900 ||| qw: God list: Okawaru
  1900 | D:3      | 1900 ||| qw: Allow faded altars: false
  1900 | D:3      | 1900 ||| qw: Do Orc after clearing Dungeon:15 true
  1900 | D:3      | 1900 ||| qw: Do second Lair branch before Depths: true
  1900 | D:3      | 1900 ||| qw: Lair rune preference: random
  1900 | D:3      | 1900 ||| qw: Goals: Normal
  1900 | D:3      | 1900 ||| PLANNING D:1-11
  1900 | D:3      | 1900 ||| Stepping randomly (stuck).
  1906 | D:3      | 1906 ||| qw: Version: 0.3-a-160-g5e54788
  1906 | D:3      | 1906 ||| qw: Game counter: 4294
  1906 | D:3      | 1906 ||| qw: Melee chars always use a shield: true
  1906 | D:3      | 1906 ||| qw: God list: Okawaru
  1906 | D:3      | 1906 ||| qw: Allow faded altars: false
  1906 | D:3      | 1906 ||| qw: Do Orc after clearing Dungeon:15 true
  1906 | D:3      | 1906 ||| qw: Do second Lair branch before Depths: true
  1906 | D:3      | 1906 ||| qw: Lair rune preference: random
  1906 | D:3      | 1906 ||| qw: Goals: Normal
  1906 | D:3      | 1906 ||| PLANNING D:1-11
  1910 | D:3      | Reached XP level 5. HP: 26/26 MP: 6/6
  2030 | D:3      | 2030 ||| READING 2 scrolls of identify.
  2030 | D:3      | 2030 ||| IDENTIFYING fuming emerald potion
  2031 | D:3      | 2031 ||| DROPPING potion of magic.
  2282 | D:3      | 2282 ||| READING scroll of identify.
  2282 | D:3      | 2282 ||| IDENTIFYING smoky puce potion
  2283 | D:3      | 2283 ||| READING scroll labelled DOAKKO VANGI.
  2283 | D:3      | Identified a scroll of acquirement
  2283 | D:3      | 2283 ||| ACQUIRING 855 gold pieces
  2283 | D:3      | Acquired 855 gold pieces
  2285 | D:3      | 2285 ||| READING scroll labelled SIH CESOSIAH.
  2575 | D:4      | Reached skill level 6 in Ranged Weapons
  2636 | D:4      | Reached XP level 6. HP: 23/30 MP: 7/7
  2682 | D:4      | Reached skill level 6 in Dodging
  2751 | D:4      | Found a burning altar of Makhleb.
  3022 | D:4      | 3022 ||| DRINKING 3 potions of haste.
  3407 | D:4      | 3407 ||| UPGRADING to ring of poison resistance.
  3408 | D:4      | 3408 ||| DRINKING 2 purple potions.
  3409 | D:4      | 3409 ||| DROPPING potion of degeneration.
  3441 | D:5      | Entered Level 5 of the Dungeon
  3450 | D:5      | Reached skill level 7 in Ranged Weapons
  3513 | D:5      | 3513 ||| DRINKING 2 potions of haste.
  3521 | D:5      | Reached XP level 7. HP: 24/35 MP: 8/8
  3596 | D:5      | Found Simiu's Weapon Boutique.
  3599 | D:5      | 3599 ||| FLEEEEING.
  3600 | D:5      | 3600 ||| FLEEEEING.
  3601 | D:5      | 3601 ||| FLEEEEING.
  3602 | D:5      | 3602 ||| FLEEEEING.
  3603 | D:5      | 3603 ||| FLEEEEING.
  3604 | D:5      | 3604 ||| FLEEEEING.
  3605 | D:5      | 3605 ||| FLEEEEING.
  3606 | D:5      | 3606 ||| FLEEEEING.
  3607 | D:5      | 3607 ||| FLEEEEING.
  3608 | D:5      | 3608 ||| FLEEEEING.
  3613 | D:5      | 3613 ||| FLEEEEING.
  3614 | D:5      | 3614 ||| FLEEEEING.
  3615 | D:5      | 3615 ||| FLEEEEING.
  3616 | D:5      | 3616 ||| FLEEEEING.
  3617 | D:5      | 3617 ||| FLEEEEING.
  3618 | D:5      | 3618 ||| FLEEEEING.
  3619 | D:5      | 3619 ||| FLEEEEING.
  3620 | D:5      | 3620 ||| FLEEEEING.
  3621 | D:5      | 3621 ||| FLEEEEING.
  4037 | D:5      | 4037 ||| READING scroll labelled YPITIE DECHIDD.
  4175 | D:6      | Found a runed translucent gate.
  4175 | D:6      | Found a runed translucent gate.
  4175 | D:6      | Found a runed translucent gate.
  4239 | D:6      | Noticed qw's ghost (novice SpHu)
  4269 | D:6      | Noticed a vampire
  4362 | D:6      | Reached skill level 8 in Ranged Weapons
  4490 | D:6      | 4490 ||| DRINKING potion of haste.
  4492 | D:6      | Reached skill level 3 in Fighting
  4492 | D:6      | Reached XP level 8. HP: 40/40 MP: 9/9
  4693 | D:6      | 4693 ||| READING scroll labelled WAKICIDYZIX.
  4693 | D:6      | 4693 ||| ENCHANTING +1 shortbow of chaos.
  4694 | D:6      | 4694 ||| DRINKING 2 sedimented sapphire potions.
  4935 | D:7      | Found a staircase to the Ecumenical Temple.
  4936 | D:7      | 4936 ||| PLANNING TEMPLE
  4936 | D:7      | 4936 ||| READING scroll labelled BUSEGO ZOADAS XEGI.
  5009 | D:7      | 5009 ||| DRINKING 2 grey potions.
  5016 | Temple   | Entered the Ecumenical Temple
  5017 | Temple   | 5017 ||| PLANNING D:1-11
  5363 | D:7      | Reached skill level 9 in Ranged Weapons
  5364 | D:7      | 5364 ||| ZAPPING wand of paralysis (4) at 1,0 (bullfrog;
                  | floor).
  5365 | D:7      | 5365 ||| qw: Version: 0.3-a-160-g5e54788
  5365 | D:7      | 5365 ||| qw: Game counter: 4294
  5365 | D:7      | 5365 ||| qw: Melee chars always use a shield: true
  5365 | D:7      | 5365 ||| qw: God list: Okawaru
  5365 | D:7      | 5365 ||| qw: Allow faded altars: false
  5365 | D:7      | 5365 ||| qw: Do Orc after clearing Dungeon:15 true
  5365 | D:7      | 5365 ||| qw: Do second Lair branch before Depths: true
  5365 | D:7      | 5365 ||| qw: Lair rune preference: random
  5365 | D:7      | 5365 ||| qw: Goals: Normal
  5365 | D:7      | 5365 ||| PLANNING D:1-11
  5365 | D:7      | 5365 ||| qw: Version: 0.3-a-160-g5e54788
  5365 | D:7      | 5365 ||| qw: Game counter: 4294
  5365 | D:7      | 5365 ||| qw: Melee chars always use a shield: true
  5365 | D:7      | 5365 ||| qw: God list: Okawaru
  5365 | D:7      | 5365 ||| qw: Allow faded altars: false
  5365 | D:7      | 5365 ||| qw: Do Orc after clearing Dungeon:15 true
  5365 | D:7      | 5365 ||| qw: Do second Lair branch before Depths: true
  5365 | D:7      | 5365 ||| qw: Lair rune preference: random
  5365 | D:7      | 5365 ||| qw: Goals: Normal
  5365 | D:7      | 5365 ||| PLANNING D:1-11
  5365 | D:7      | 5365 ||| qw: Version: 0.3-a-160-g5e54788
  5365 | D:7      | 5365 ||| qw: Game counter: 4294
  5365 | D:7      | 5365 ||| qw: Melee chars always use a shield: true
  5365 | D:7      | 5365 ||| qw: God list: Okawaru
  5365 | D:7      | 5365 ||| qw: Allow faded altars: false
  5365 | D:7      | 5365 ||| qw: Do Orc after clearing Dungeon:15 true
  5365 | D:7      | 5365 ||| qw: Do second Lair branch before Depths: true
  5365 | D:7      | 5365 ||| qw: Lair rune preference: random
  5365 | D:7      | 5365 ||| qw: Goals: Normal
  5365 | D:7      | 5365 ||| PLANNING D:1-11
  5365 | D:7      | 5365 ||| ZAPPING wand of paralysis (3) at 1,0 (bullfrog;
                  | floor).
  5366 | D:7      | 5366 ||| ZAPPING wand of paralysis (2) at 1,0 (bullfrog;
                  | floor).
  5368 | D:7      | HP: 7/40 [wyvern (5)]
  5369 | D:7      | 5369 ||| READING 2 scrolls of teleportation.
  5370 | D:7      | 5370 ||| DRINKING 4 potions of heal wounds.
  5371 | D:7      | HP: 3/40 [wyvern (8)]
  5372 | D:7      | 5372 ||| DRINKING 3 potions of heal wounds.
  5376 | D:7      | Reached skill level 9 in Dodging
  5580 | D:7      | 5580 ||| ZAPPING wand of paralysis (1) at 0,1 (bullfrog;
                  | floor).
  5677 | D:7      | 5677 ||| FLEEEEING.
  5678 | D:7      | 5678 ||| FLEEEEING.
  5679 | D:7      | 5679 ||| FLEEEEING.
  5758 | D:7      | Reached skill level 10 in Ranged Weapons
  5758 | D:7      | Reached XP level 9. HP: 44/44 MP: 10/10
  5772 | D:7      | 5772 ||| SWAPPING to +0 orcbow.
  5773 | D:7      | 5773 ||| DROPPING +1 shortbow of chaos.
  5784 | D:7      | Found Hempurr's General Store.
  5867 | D:7      | 5867 ||| BUYING potion of enlightenment (60 gold).
  5867 | D:7      | Bought a potion of enlightenment for 60 gold pieces
  5867 | D:7      | 5867 ||| BUYING scroll of identify (24 gold).
  5867 | D:7      | Bought a scroll of identify for 24 gold pieces
  5867 | D:7      | 5867 ||| BUYING scroll of teleportation (36 gold).
  5867 | D:7      | Bought a scroll of teleportation for 36 gold pieces
  5968 | D:7      | Found the +8 trident of the Octopus King {venom, rElec
                  | rPois}
  6111 | D:7      | 6111 ||| UPGRADING to +0 cloak.
  6116 | D:7      | 6116 ||| READING 2 scrolls of identify.
  6116 | D:7      | 6116 ||| IDENTIFYING fuming clear potion
  6117 | D:7      | 6117 ||| READING scroll of identify.
  6117 | D:7      | 6117 ||| IDENTIFYING white potion
  6118 | D:7      | 6118 ||| DROPPING potion of brilliance.
  6119 | D:7      | 6119 ||| DROPPING potion of berserk rage.
  6120 | D:7      | 6120 ||| DROPPING wand of flame (8).
  6186 | D:8      | Noticed Psyche
  6196 | D:8      | HP: 11/44 [Psyche/+4 dagger of chaos (4)]
  6196 | D:8      | Mangled by Psyche

Levels and vault maps discovered:
D:1:      wheals_arrival_shading, layout_basic,
          nicolae_ecumenical_snake_handling, kennysheep_decorative_pillar
D:2:      layout_rooms, basic_altar, uniq_terence
D:3:      cheibrodos_old_hovel, layout_basic, minmay_fractal_squares_diagonal_5
D:4:      layout_basic, nicolae_overflow_crystal_walls, hangedman_decor_points
D:5:      layout_basic, serial_shops, nicolae_stop_n_shop_1
D:6:      layout_loops_ring, gammafunk_ghost_split, minmay_misc_feat_roman
D:7:      layout_loops_corners, minmay_temple_entry_tees, serial_shops, shop,
          minmay_bent
D:8:      layout_loops_corners, uniq_erica, uniq_jeremiah, uniq_gastronok,
          uniq_psyche
Temple:   hellmonk_temple_of_storms

Skill      XL: |  1  2  3  4  5  6  7  8 |
---------------+-------------------------+-----
Dodging        | 3 4 5 6 7 9 |  9.7
Ranged Weapons | 5 6 7 8 10 | 10.1
Fighting       | 2 3 |  3.3
Stealth        | |  1.5

Action                     |  1- 3 |  4- 6 |  7- 9 || total
---------------------------+-------+-------+-------++-------
   Fire: Shortbow          |    91 |   159 |   159 ||   409
         Orcbow            |       |       |    39 ||    39
  Evoke: Wand              |       |       |     4 ||     4
    Use: Scroll            |     6 |     9 |     6 ||    21
         Potion            |     1 |     3 |     5 ||     9
 Armour: Robe              |    10 |    12 |    36 ||    58
  Dodge: Dodged            |    32 |    45 |   107 ||   184

Table legend:
 A = Non-vault XP
 B = Vault XP
 C = Vault XP percentage of total XP
 D = Non-vault monster count
 E = Vault monster count
 F = Vault count percentage of total count
                 A         B        C        D         E       F
            +---------+---------+-------+---------+---------+-------
      Total |    2524 |     688 |  21.4 |     119 |      18 |  13.1
            +---------+---------+-------+---------+---------+-------
        D:1 |      37 |       2 |   5.1 |      21 |       1 |   4.5
        D:2 |      41 |      32 |  43.8 |      14 |       1 |   6.7
        D:3 |     130 |      24 |  15.6 |      26 |       7 |  21.2
        D:4 |     409 |       0 |   0.0 |      23 |       0 |   0.0
        D:5 |     316 |       0 |   0.0 |       6 |       0 |   0.0
        D:6 |     529 |       0 |   0.0 |       9 |       0 |   0.0
        D:7 |    1007 |     630 |  38.5 |      16 |       9 |  36.0
        D:8 |      55 |       0 |   0.0 |       4 |       0 |   0.0
            +---------+---------+-------+---------+---------+-------
